 Dungeon Sprint DCSS version 0.19-a0-994-g3c636f0 (webtiles) character file.

447 Conn321 the Arsonist (level 7, -1/41 HPs)
             Began as an Octopode Fire Elementalist on July 16, 2016.
             Was a Follower of Sif Muna.
             Asphyxiated
             ... in the Dungeon (Sprint I: "Red Sonja").
             The game lasted 00:03:57 (515 turns).

Conn321 the Arsonist (Octopode Fire Elementalist)    Turns: 515, Time: 00:03:58

Health: -1/41      AC:  1    Str:  8    XL:     7   Next: 3%
Magic:  6/16       EV: 15    Int: 19    God:    Sif Muna [*.....]
Gold:   93         SH:  0    Dex: 12    Spells: 4 memorised, 6 levels left

rFire  . . .     SeeInvis .     m - +5 mace (crush)
rCold  . . .     Gourm    .     (no shield)
rNeg   . . .     Faith    .     (helmet restricted)
rPois  .         Spirit   .     (no amulet)
rElec  .         Dismiss  .     (no ring)
rCorr  .         Reflect  .     (no ring)
SustAt .         Harm     .     (no ring)
MR     .....     NoTele   +     (no ring)
Stlth  +++++.....               (no ring)
                                (no ring)
                                (no ring)
                                (no ring)

@: lethally poisoned (-1 -> -26), very slightly contaminated, slowed, very slow,
not resistant to hostile enchantments, quite stealthy
A: almost no armour, amphibious, 8 rings, constrict 8, camouflage 1, gelatinous
body 1
a: Divine Energy, Renounce Religion


You were in the Dungeon.
You worshipped Sif Muna.
Sif Muna was aware of your devotion.
You were not hungry.

You visited 1 branch You collected 311 gold pieces.
You spent 218 gold pieces at shops.

Inventory:

Hand Weapons
 j - a +0 dagger
 k - a +0 scythe
 m - a +5 mace of crushing (weapon)
Scrolls
 h - a scroll of blinking
Potions
 c - a potion of curing
 d - a potion of heal wounds
 e - a potion of haste
 f - 3 potions of magic
 g - a potion of berserk rage
Books
 a - a book of Flames

   Spells                             Type                      Level
   a - Flame Tongue                   Conjuration/Fire             1
   b - Throw Flame                    Conjuration/Fire             2
   c - Conjure Flame                  Conjuration/Fire             3
   d - Inner Flame                    Hexes/Fire                   3
   e - Sticky Flame                   Conjuration/Fire             4
   f - Fireball                       Conjuration/Fire             5
Comestibles
 b - a bread ration
 i - 4 chunks of flesh


   Skills:
 + Level 6.4 Dodging
 + Level 6.5 Stealth
 + Level 6.6 Spellcasting
 + Level 2.8 Conjurations
 + Level 10.4 Fire Magic


You had 6 spell levels left.
You knew the following spells:

 Your Spells              Type           Power        Failure   Level  Hunger
a - Flame Tongue          Conj/Fire      ####.        1%          1    None
b - Conjure Flame         Conj/Fire      ####....     1%          3    ##.....
c - Sticky Flame          Conj/Fire      ####....     10%         4    ####...
d - Fireball              Conj/Fire      ####......   21%         5    #####..


Dungeon Overview and Level Annotations

Branches:
Dungeon (1/1)

Altars:
Elyvilon
Gozag
Hepliaklqana
Kikubaaqudgha
Makhleb
Nemelex Xobeh
Okawaru
Pakellas
Qazlal
Ru
Sif Muna
Trog
Uskayaw
Vehumet
Xom
Yredelemnul
Zin
The Shining One

Shops:
D (

Annotations:
D Sonja


Innate Abilities, Weirdness & Mutations

You cannot wear most types of armour.
You are amphibious.
You can wear up to eight rings at the same time.
You can use your tentacles to constrict eight enemies at once.
Your skin changes colour to match your surroundings (Stealth+).
Your rubbery body absorbs attacks. (AC +1)


Message History

Sonja shoots a curare-tipped needle.
The curare-tipped needle hits you.
You are poisoned.
You have difficulty breathing.
You feel yourself slow down.
Unknown command.
Casting: Fireball
Confirm with . or Enter, or press ? or * to list all spells.
Aiming: Fireball
Press: ? - help, Shift-Dir - straight line, f/p - Sonja
Aim: Sonja, wielding an enchanted blowgun (heavily wounded)
You miscast Fireball.
You are very lightly contaminated with residual magic.
There is a sudden and violent explosion of flames!
The fireball engulfs you!
Ouch! That really hurt!
* * * LOW HITPOINT WARNING * * *
x2 You feel sick.
Sonja shoots a curare-tipped needle.
The curare-tipped needle hits you.
You are more poisoned.
You have difficulty breathing.
You die...

################
#<.#..'..#..'..#
#..'..#..'[.#..+
#..#####'#####'#
#..####..#...#.#
#..#__####..##[#
#.)#_____##'#..+
#⌠⌠#_.∩)..'..._#
####_._._##@.#+#
#_____###'#
####### #.# $.$
$K$# ##.## #+#


You could see Sonja.

Vanquished Creatures
  Sigmund (D)
  A yak (D)
  An ogre (D)
  A jelly (D)
  Ijyb (D)
5 creatures vanquished.

Notes
Turn   | Place    | Note
-------+----------+-------------------------------------------
     0 | D        | Conn321 the Octopode Fire Elementalist began the quest for the Orb.
     0 | D        | Reached XP level 1. HP: 11/11 MP: 3/3
     1 | D        | Noticed Ijyb
    15 | D        | Killed Ijyb
    15 | D        | Reached skill level 4 in Fire Magic
    15 | D        | Reached XP level 2. HP: 8/17 MP: 0/6
    15 | D        | Reached XP level 3. HP: 10/21 MP: 0/7
   171 | D        | Learned a level 3 spell: Conjure Flame
   175 | D        | Noticed an ogre
   196 | D        | Killed an ogre
   196 | D        | Reached skill level 7 in Fire Magic
   196 | D        | Reached XP level 4. HP: 27/27 MP: 0/10
   292 | D        | Noticed Sigmund
   302 | D        | Learned a level 4 spell: Sticky Flame
   312 | D        | Killed Sigmund
   312 | D        | Reached skill level 5 in Dodging
   312 | D        | Reached skill level 5 in Stealth
   312 | D        | Reached skill level 5 in Spellcasting
   312 | D        | Reached skill level 9 in Fire Magic
   312 | D        | Reached XP level 5. HP: 31/31 MP: 2/13
   312 | D        | Reached XP level 6. HP: 36/36 MP: 2/14
   418 | D        | Found a deep blue altar of Sif Muna.
   420 | D        | Found a radiant altar of Vehumet.
   439 | D        | Became a worshipper of Sif Muna the Loreminder
   457 | D        | Found Latax's Antique Weapon Emporium.
   457 | D        | Found a white marble altar of Elyvilon.
   457 | D        | Found a stormy altar of Qazlal.
   457 | D        | Found a hazy altar of Hepliaklqana.
   457 | D        | Found a basalt altar of Yredelemnul.
   457 | D        | Found an iron altar of Okawaru.
   457 | D        | Found a sparkling altar of Nemelex Xobeh.
   457 | D        | Found a shimmering altar of Xom.
   457 | D        | Found an ancient bone altar of Kikubaaqudgha.
   457 | D        | Noticed a yak
   458 | D        | Found a burning altar of Makhleb.
   458 | D        | Found a sacrificial altar of Ru.
   458 | D        | Found an oddly glowing altar of Pakellas.
   458 | D        | Found a hide-covered altar of Uskayaw.
   458 | D        | Found a glowing golden altar of the Shining One.
   458 | D        | Found an opulent altar of Gozag.
   458 | D        | Found a glowing silver altar of Zin.
   465 | D        | Killed a yak
   465 | D        | Reached * piety under Sif Muna
   465 | D        | Reached skill level 10 in Fire Magic
   465 | D        | Reached XP level 7. HP: 41/41 MP: 10/16
   471 | D        | Found a bloodstained altar of Trog.
   475 | D        | Bought a glowing great mace for 149 gold pieces
   478 | D        | Bought a runed mace for 69 gold pieces
   503 | D        | Noticed Sonja
   511 | D        | Learned a level 5 spell: Fireball
   515 | D        | Asphyxiated

Vault maps used:
D:        dungeon_sprint_1

Skill      XL: |  1  2  3  4  5  6 |
---------------+-------------------+-----
Dodging        | 3 4 5 6 |  6.4
Stealth        | 4 5 6 |  6.5
Spellcasting   | 3 4 5 6 |  6.6
Fire Magic     | 4 7 9 10 | 10.4
Conjurations   | 2 |  2.8

Action                   |  1- 3 |  4- 6 |  7- 9 || total
-------------------------+-------+-------+-------++-------
Melee: Unarmed           |    10 |       |       ||    10
       Constrict         |     1 |       |       ||     1
       Dagger            |     2 |     1 |       ||     3
 Cast: Flame Tongue      |     8 |     8 |       ||    16
       Conjure Flame     |     1 |     1 |       ||     2
       Sticky Flame      |       |     1 |       ||     1
       Fireball          |       |       |     1 ||     1
 Stab: Sleeping          |       |     1 |       ||     1
Armor: Skin              |     3 |       |       ||     3
Dodge: Dodged            |     4 |     2 |       ||     6
